Map: Lerilak Crest

Players

xKawaiian - Winner!

  • Race: Terran Terran
  • League: Master

oCRaM

  • Race: Zerg Zerg
  • League: Master

VOD

Have the link to the VOD?

Description

Time

  • Played on: Jan. 9, 2016, 6:09 p.m.
  • Length: 6:24
Show
View Real Time Build Order
Export as new Build Order

xKawaiian Terran - Winner!

Build Orders: Reaper Expand 

Get SALT Encoding   

  12  0:02  SCV  
  13  0:14  SCV  
  14  0:17  Supply Depot  
  14  0:26  SCV  
  15  0:39  SCV  
  15  0:41  Barracks  
  16  0:47  Refinery  
  16  0:51  SCV  
  17  1:03  SCV  
  18  1:15  SCV  
  19  1:27  Orbital Command  
  19  1:29  Reaper  
  20  1:42  Command Center  
  20  1:53  SCV  
  20  1:54  Supply Depot  
  21  2:01  Barracks Reactor  
  21  2:07  Barracks  
  21  2:08  SCV  
  22  2:20  SCV, Barracks  
  23  2:33  SCV  
  24  2:39  Marine  
  24  2:40  Marine  
  26  2:45  SCV  
  27  2:55  Orbital Command  
  27  2:57  SCV, Marine x2  
  30  3:01  Barracks Tech Lab  
  30  3:09  SCV  
  31  3:13  Factory  
  31  3:15  Marine x2  
  31  3:17  Marine  
  31  3:19  Refinery  
  34  3:21  SCV  
  34  3:24  Marine  
  36  3:27  Stimpack  
  36  3:32  SCV  
  36  3:33  Marine x2  
  38  3:34  SCV  
  38  3:35  Marine  
  40  3:41  Marine  
  40  3:44  SCV  
  40  3:46  SCV  
  43  3:50  Bunker  
  43  3:51  Marine  
  44  3:55  Marine  
  44  3:56  Supply Depot, SCV  
  44  3:57  Bunker  
  46  4:06  Starport  
  46  4:07  SCV, Factory Reactor, Marine  
  46  4:08  SCV  
  49  4:16  Marine x2  
  51  4:19  SCV  
  51  4:20  SCV  
  52  4:29  Supply Depot  
  52  4:31  SCV  
  52  4:32  SCV  
  52  4:33  Marine  
  52  4:34  Marine  
  52  4:35  Marine  
  52  4:36  Marine  
  58  4:43  SCV  
  58  4:44  SCV  
  60  4:51  Marine  
  60  4:52  Marine  
  55  4:53  Marine  
  55  4:54  Marine  
  55  4:55  SCV  
  55  4:58  SCV  
  55  4:59  Supply Depot  
  57  5:01  Factory Reactor, Medivac x2  
  57  5:06  Bunker  
  61  5:09  SCV, Marine  
  61  5:10  SCV, Marine  
  61  5:11  Marine  
  61  5:12  Marine  
  68  5:21  SCV  
  68  5:22  SCV, Supply Depot  
  68  5:27  Refinery, Marine  
  68  5:28  Marine x2  
  71  5:31  Medivac x2  
  71  5:33  SCV  
  77  5:37  SCV  
  77  5:38  Hellion x2  
  77  5:40  Refinery  
  82  5:45  SCV  
  82  5:49  Barracks Reactor  
  83  5:50  Armory  
  83  5:51  SCV  
  83  5:56  Marine x2  
  86  6:00  Hellion, Marine  
  91  6:06  SCV x2  
Show
View Real Time Build Order
Export as new Build Order

oCRaM Zerg 

Build Orders: Hatch First 

Get SALT Encoding   

  12  0:01  Drone  
  13  0:14  Extractor  
  13  0:16  Overlord  
  13  0:18  Drone  
  14  0:35  Drone x2  
  16  0:40  Drone  
  17  0:49  Drone  
  18  1:01  Drone  
  18  1:02  Hatchery  
  18  1:15  Spawning Pool  
  18  1:16  Extractor  
  18  1:18  Drone  
  17  1:22  Drone  
  18  1:34  Overlord  
  18  1:42  Drone  
  19  1:56  Drone  
  20  2:02  Queen  
  22  2:09  Zergling x2  
  22  2:14  Queen  
  22  2:15  Zergling x2  
  26  2:16  Metabolic Boost  
  26  2:20  Drone  
  27  2:25  Drone  
  27  2:26  Drone  
  29  2:41  Drone x2  
  31  2:47  Drone x2  
  33  2:59  Drone x2  
  35  3:16  Overlord x2  
  35  3:20  Drone  
  35  3:23  Baneling Nest  
  35  3:37  Zergling x14  
  42  3:44  Zergling x2  
  42  3:48  Zergling x4  
  45  3:53  Zergling x6  
  48  4:07  Zergling x4  
  47  4:17  Drone x4  
  47  4:18  Drone  
  47  4:20  Lair  
  47  4:24  Drone x2  
  52  4:25  Baneling  
  52  4:26  Baneling x6  
  52  4:30  Overlord x3, Extractor  
  51  4:33  Extractor  
  51  4:35  Extractor  
  49  4:43  Hatchery  
  39  4:54  Drone  
  39  4:55  Drone x8  
  39  4:59  Evolution Chamber, Roach Warren  
  43  5:05  Drone x2  
  45  5:09  Drone  
  46  5:17  Zergling x2  
  47  5:28  Zergling x4  
  47  5:29  Zergling x12  
  47  5:30  Spore Crawler  
  47  5:33  Spore Crawler  
  53  5:40  Roach x2  
  57  5:43  Spine Crawler  
  58  5:58  Drone x6  
  63  6:11  Drone x4  
Tags
 
Add a new tag
Caveats
  • Supply blocks, unpowered buildings, or Contaminate may cause inaccurate times.
  • Supply counts are checked every 10 seconds.